 Dungeon Crawl Stone Soup version 0.30-a0-1074-g5db6f66fbb (webtiles) character file.

Game seed: 6366220085193149050

125 Newt the Shooter (level 5, -2/35 HPs)
             Began as a Kobold Hunter on Apr 13, 2023.
             Slain by a river rat (5 damage)
             ... in a sewer.
             The game lasted 00:01:55 (2113 turns).

Newt the Shooter (Kobold Hunter)                    Turns: 2113, Time: 00:01:57

Health: -2/35      AC:  4    Str:  6 (9)  XL:     5   Next: 30%
Magic:  5/5        EV: 14    Int:  8 (10) God:
Gold:   111        SH:  0    Dex: 17 (20) Spells: 4/4 levels left

rFire   . . .      SeeInvis .    a - +1 shortbow
rCold   . . .      Faith    .    (shield currently unavailable)
rNeg    . . .      Spirit   .    c - +0 leather armour
rPois   .          Reflect  .    (no helmet)
rElec   .          Rampage  .    (no cloak)
rCorr   .                        l - +0 pair of gloves
Will    .....                    (no boots)
Stlth   +++                      (no amulet)
HPRegen 0.25/turn                (no ring)
MPRegen 0.09/turn                (no ring)

@: no status effects
A: small, no large weapons, nightstalker 3
a: no special abilities


You were in a sewer.
You visited 1 branch of the dungeon, and saw 3 of its levels.
You also visited: Sewer.

You collected 111 gold pieces.

Inventory:

Hand Weapons
 a - a +1 shortbow (weapon)
Armour
 c - a +0 leather armour (worn)
 l - a +0 pair of gloves (worn)
Wands
 i - a wand of charming (5)
Scrolls
 b - a scroll of immolation
 d - a scroll of magic mapping
 e - 2 scrolls of silence
Potions
 f - 3 potions of might
 h - a potion of invisibility {unknown}
 j - a potion of haste {unknown}


   Skills:
 - Level 5.0 Fighting
 + Level 6.1 Ranged Weapons
 - Level 2.4 Dodging
 - Level 1.3 Stealth


You had 4 spell levels left.
You didn't know any spells.
Your spell library contained the following spells:

 Spells                   Type           Power      Damage    Failure   Level
 Magic Dart               Conj           0%         1d3       56%         1
 Call Imp                 Summ           0%         N/A       71%         2
 Poisonous Vapours        Pois/Air       0%         N/A       71%         2
 Mephitic Cloud           Conj/Pois/Air  0%         N/A       90%         3
 Ozocubu's Armour         Ice            0%         N/A       90%         3
 Dispel Undead            Necr           0%         3d6       100%        4
 Freezing Cloud           Conj/Ice/Air   0%         6-21      100%        5
 Metabolic Englaciation   Hex/Ice        0%         N/A       100%        5
 Plasma Beam              Fire/Air       0%         2x1d11    100%        6
 Simulacrum               Ice/Necr       0%         N/A       100%        6


Dungeon Overview and Level Annotations

Branches:
Dungeon (3/15)              Sewer (1/1)

Altars:

Shops:
D:1 :


Innate Abilities, Weirdness & Mutations

You are small and have problems with some larger weapons.
You are completely attuned to the shadows.


Message History

The river rat bites you. The river rat closely misses you.
You shoot an arrow. The arrow barely misses the river rat.
The river rat closely misses you. The river rat bites you.
You shoot an arrow. The arrow barely misses the river rat.
The river rat closely misses you. The river rat barely misses you.
You shoot an arrow. The arrow closely misses the river rat.
The river rat misses you. The river rat bites you.
You shoot an arrow. The arrow closely misses the river rat.
The river rat closely misses you. The river rat bites you.
The river rat misses you. x2
You shoot an arrow. The arrow hits the river rat.
The river rat is heavily wounded.
The river rat bites you. The river rat misses you.
You shoot an arrow. The arrow hits the river rat.
The river rat is heavily wounded.
The river rat closely misses you. The river rat bites you.
You shoot an arrow.
The arrow hits the river rat but does no damage.
The river rat is heavily wounded.
The river rat bites you but does no damage.
The river rat misses you.
You shoot an arrow.
The arrow hits the river rat but does no damage.
The river rat is heavily wounded.
The river rat closely misses you. The river rat bites you. x2
* * * LOW HITPOINT WARNING * * *
The river rat bites you.
* * * LOW HITPOINT WARNING * * *
You shoot an arrow. The arrow barely misses the river rat.
The river rat bites you.
* * * LOW HITPOINT WARNING * * *
The river rat twitches its whiskers.
The river rat bites you.
* * * LOW HITPOINT WARNING * * *
Unknown command.
It was a potion of degeneration.
There was something very wrong with that liquid.
You feel weakened.
You feel dopey.
You feel clumsy. The river rat bites you.
You die...

##### #∩..## #####
###..#####..∩# ##
..## ##..##...######†
....##.......#####†..
..............##..†..
...rr................
....@................
............~~~.~~~..
~..~......~≈≈~~≈≈~~~~
≈~≈~.~.~~.~≈≈≈≈≈≈≈≈≈≈
≈≈≈≈≈~≈~~≈~≈≈≈≈≈≈≈≈≈≈
≈~≈~≈~~≈~~≈≈≈≈≈


You could see 2 river rats.

Vanquished Creatures
  2 adders
  4 river rats
  4 worms
  7 bats
  3 endoplasms
  A giant cockroach (D:2)
  6 goblins
  A hobgoblin (D:1)
  4 jackals (D:2)
  4 quokkas
  5 ball pythons
  7 frilled lizards
  5 kobolds
  13 rats
66 creatures vanquished.

Notes
Turn   | Place    | Note
-------+----------+-------------------------------------------
     0 | D:1      | Newt the Kobold Hunter began the quest for the Orb.
     0 | D:1      | Reached XP level 1. HP: 12/12 MP: 1/1
   162 | D:1      | Reached XP level 2. HP: 10/18 MP: 2/2
   418 | D:1      | Found Plog's Book Shop.
   713 | D:1      | Reached XP level 3. HP: 23/23 MP: 3/3
  1218 | D:2      | Got Kodeutimm's Quarto of Fog and Ectoplasm
  1453 | D:2      | Reached XP level 4. HP: 30/30 MP: 4/4
  1957 | D:3      | Reached skill level 5 in Fighting
  1970 | D:3      | Found a glowing drain.
  1982 | D:3      | Reached XP level 5. HP: 28/35 MP: 5/5
  1987 | Sewer    | Entered a sewer
  2048 | Sewer    | Reached skill level 6 in Ranged Weapons
  2113 | Sewer    | Slain by a river rat

Illustrated notes

Levels and vault maps discovered:
D:1:      kilobyte_arrival_exit_the_forest, layout_loops_corners, serial_shops,
          nicolae_shop_hallway_plus
D:2:      layout_basic, nrook_mini_backslash, minmay_split_cup_large
D:3:      layout_basic, portal_sewer_entry_a, minmay_unequal, uniq_terence,
          uniq_crazy_yiuf_cottage
Sewer:    sewer_minmay_treatment

Skill      XL: |  1  2  3  4  5 |
---------------+----------------+-----
Fighting       | 3 4 5 |  5.0
Ranged Weapons | 6 |  6.1
Dodging        | |  2.4
Stealth        | |  1.3

Action                     |  1- 3 |  4- 6 || total
---------------------------+-------+-------++-------
   Fire: Shortbow          |    85 |    83 ||   168
    Use: Scroll            |     5 |     3 ||     8
         Potion            |       |     1 ||     1
 Armour: Leather armour    |    11 |    17 ||    28
  Dodge: Dodged            |    37 |    68 ||   105

Table legend: (Time is in decaauts)
 A = Elapsed time spent in this place.
 B = Non-inter-level travel time spent in this place.
 C = Inter-level travel time spent in this place.
 D = Time resting spent in this place.
 E = Time spent auto-exploring this place.
 F = Levels seen in this place.
 G = Mean time per level.
                   A        B        C        D        E       F      G
               +--------+--------+--------+--------+--------+-----+--------+
         Total |   2168 |   2090 |     78 |    117 |   1625 |   4 |  542.0 |
       Dungeon |   2035 |   1957 |     78 |    117 |   1533 |   3 |  678.3 |
         Sewer |    133 |    133 |      0 |      0 |     92 |   1 |  133.0 |
               +--------+--------+--------+--------+--------+-----+--------+

Top non-repeatable levels by time:
     D:1: 1046 daAuts
     D:2: 895 daAuts
   Sewer: 133 daAuts
     D:3: 93 daAuts
